[ AOE2 MATCH · #505296475 ]
UnrankedHindustanis vs Wei
[ REPLAY ANALYSIS · EXTRACTED FROM THE RECORDED GAME ]
Feudal
12:15
Castle
16:10
Imperial
29:23
| APM avg | 20.3 |
| APM peak | 55 |
| eAPM avg | 12.9 |
| Villagers / military | 164 / 94 |
Focus
⚔️ 22.4% · 🌾 77.6%
Camel Scout ×82 · Trade Cart ×30 · Monk ×8 · Trebuchet (Packed) ×4
Feudal
8:57
Castle
17:38
Imperial
30:01
| APM avg | 49.1 |
| APM peak | 88 |
| eAPM avg | 23.9 |
| Villagers / military | 171 / 34 |
Focus
⚔️ 27.1% · 🌾 72.9%
Unknown (1949) ×72 · Scout Cavalry ×30 · Unknown (1942) ×5 · Monk ×2 · Petard ×2 · Unknown (1954) ×1
Feudal
10:56
Castle
14:27
Imperial
28:09
| APM avg | 67.4 |
| APM peak | 236 |
| eAPM avg | 46.3 |
| Villagers / military | 220 / 109 |
Focus
⚔️ 46.7% · 🌾 53.3%
Spearman ×99 · Trade Cart ×43 · Bombard Cannon ×9 · Trebuchet (Packed) ×1
Feudal
11:34
Castle
15:04
Imperial
33:09
| APM avg | 23.2 |
| APM peak | 48 |
| eAPM avg | 14.6 |
| Villagers / military | 128 / 223 |
Focus
⚔️ 30.2% · 🌾 69.8%
Archer ×85 · Skirmisher ×67 · Spearman ×65 · Bombard Cannon ×4 · Monk ×2
Feudal
10:57
Castle
13:39
Imperial
27:41
| APM avg | 36.7 |
| APM peak | 83 |
| eAPM avg | 20.6 |
| Villagers / military | 189 / 184 |
Focus
⚔️ 27.1% · 🌾 72.9%
Battle Elephant ×138 · Battering Ram ×28 · Spearman ×18
Feudal
11:46
Castle
15:24
Imperial
31:28
| APM avg | 28.8 |
| APM peak | 93 |
| eAPM avg | 15.0 |
| Villagers / military | 141 / 180 |
Focus
⚔️ 27.3% · 🌾 72.7%
Elephant Archer ×162 · Trade Cart ×42 · Ratha (Ranged) ×18
Feudal
10:32
Castle
16:17
Imperial
32:58
| APM avg | 25.9 |
| APM peak | 48 |
| eAPM avg | 15.4 |
| Villagers / military | 138 / 104 |
Focus
⚔️ 33.5% · 🌾 66.5%
Archer ×81 · Longbowman ×11 · Battering Ram ×7 · Trebuchet (Packed) ×5
Feudal
10:31
Castle
14:15
Imperial
28:22
| APM avg | 37.7 |
| APM peak | 65 |
| eAPM avg | 23.5 |
| Villagers / military | 221 / 294 |
Focus
⚔️ 25.4% · 🌾 74.6%
Knight ×294 · Trade Cart ×22
Match map
Initial resources + every placement click. Lines = walls · curves = elevation contours. ◆ gold · ⬟ stone · ● berries · ✦ relic · ◌ wall gap
Your base· ✓ Closed at 16:10 · 0t walls · 3 gate(s)
MarcusBrody's base· ✓ Closed at 17:38 · 1t walls · 3 gate(s)
VIT | Hera's base· ✓ Closed at 14:27 · 0t walls · 2 gate(s)
insomnia's base· ✓ Closed at 15:04 · 0t walls · 2 gate(s)
GAX | ERV's base· ✓ Closed at 13:39 · 0t walls · 2 gate(s)
Lord Snow's base· ✓ Closed at 15:24 · 0t walls · 3 gate(s)
GAX | Thui's base· ✓ Closed at 16:17 · 0t walls · 3 gate(s)
Levi's base· ✓ Closed at 14:15 · 0t walls · 2 gate(s)
Smoothed initial terrain · ◌ = detected wall gap · hover for details
Inputs per minute
— noloomregret - - MarcusBrody
Build order — noloomregret
First 150 of 286 actions detected
| 0:00 | Create | Villager (Male) |
| 0:01 | Create | Villager (Male) |
| 0:02 | Build | House |
| 0:03 | Build | House |
| 0:13 | Create | Villager (Male) |
| 0:13 | Create | Villager (Male) |
| 1:07 | Create | Villager (Male) |
| 1:30 | Create | Villager (Male) |
| 1:30 | Create | Villager (Male) |
| 1:51 | Build | Lumber Camp |
| 2:14 | Create | Villager (Male) |
| 2:51 | Create | Villager (Male) |
| 2:51 | Create | Villager (Male) |
| 2:52 | Create | Villager (Male) |
| 3:29 | Build | House |
| 3:30 | Build | House |
| 3:56 | Create | Villager (Male) |
| 4:39 | Create | Villager (Male) |
| 4:39 | Create | Villager (Male) |
| 4:54 | Build | Mill |
| 5:02 | Create | Villager (Male) |
| 5:02 | Create | Villager (Male) |
| 5:21 | Create | Villager (Male) |
| 6:28 | Create | Villager (Male) |
| 6:28 | Create | Villager (Male) |
| 6:29 | Create | Villager (Male) |
| 6:30 | Create | Villager (Male) |
| 6:47 | Create | Villager (Male) |
| 6:47 | Create | Villager (Male) |
| 7:00 | Create | Villager (Male) |
| 7:15 | Create | Villager (Male) |
| 7:30 | Create | Villager (Male) |
| 8:22 | Create | Villager (Male) |
| 8:42 | Build | Mining Camp |
| 8:49 | Build | Mining Camp |
| 9:46 | Build | House |
| 9:48 | Build | House |
| 10:05 | Research | Feudal Age |
| 10:05 | Create | Villager (Male) |
| 10:05 | Create | Villager (Male) |
| 10:26 | Build | Farm |
| 10:26 | Build | Farm |
| 10:26 | Build | Farm |
| 10:26 | Build | Farm |
| 10:26 | Build | Farm |
| 10:27 | Build | Farm |
| 10:27 | Build | Farm |
| 12:15 | Age | Feudal Age |
| 12:17 | Build | Blacksmith |
| 12:23 | Build | Market |
| 12:30 | Create | Villager (Male) |
| 12:38 | Research | Double-Bit Axe |
| 12:40 | Research | Horse Collar |
| 12:48 | Build | Farm |
| 13:29 | Research | Castle Age |
| 13:37 | Build | Farm |
| 14:29 | Create | Villager (Male) |
| 14:29 | Create | Villager (Male) |
| 15:30 | Build | Farm |
| 15:30 | Build | Farm |
| 15:30 | Build | Farm |
| 16:10 | Age | Castle Age |
| 16:14 | Build | Town Center |
| 16:20 | Build | Town Center |
| 16:25 | Create | Villager (Male) |
| 16:31 | Build | Farm |
| 16:31 | Build | Farm |
| 16:31 | Build | Farm |
| 16:32 | Build | Farm |
| 16:32 | Build | Farm |
| 16:32 | Build | Farm |
| 16:36 | Research | Bow Saw |
| 16:38 | Research | Heavy Plow |
| 17:22 | Create | Villager (Male) |
| 17:22 | Create | Villager (Male) |
| 17:39 | Create | Villager (Male) ×5 |
| 17:43 | Build | Farm |
| 17:43 | Build | Farm |
| 17:44 | Build | Farm |
| 17:44 | Build | Farm |
| 18:01 | Create | Villager (Male) |
| 18:06 | Create | Villager (Male) |
| 18:06 | Create | Villager (Male) |
| 18:15 | Build | House |
| 18:19 | Build | House |
| 18:20 | Build | House |
| 18:40 | Build | Farm |
| 18:42 | Create | Villager (Male) ×4 |
| 18:45 | Build | Farm |
| 18:45 | Build | Farm |
| 19:13 | Build | Farm |
| 19:16 | Create | Villager (Male) ×5 |
| 19:19 | Build | Farm |
| 19:20 | Create | Villager (Male) |
| 19:32 | Build | House |
| 19:33 | Build | House |
| 19:34 | Build | House |
| 19:36 | Create | Villager (Male) ×2 |
| 20:11 | Build | Town Center |
| 20:12 | Create | Villager (Male) ×5 |
| 20:15 | Build | Farm |
| 20:27 | Build | Farm |
| 20:28 | Build | Farm |
| 20:28 | Build | Farm |
| 20:28 | Build | Farm |
| 20:28 | Build | Farm |
| 20:30 | Create | Villager (Male) ×4 |
| 20:36 | Research | Wheelbarrow |
| 20:41 | Build | Farm |
| 20:44 | Create | Villager (Male) ×2 |
| 20:58 | Create | Villager (Male) ×2 |
| 21:00 | Create | Villager (Male) |
| 21:05 | Build | Farm |
| 21:09 | Build | House |
| 21:11 | Build | House |
| 21:29 | Create | Villager (Male) ×5 |
| 21:56 | Build | Farm |
| 21:56 | Build | Farm |
| 21:56 | Build | Farm |
| 21:56 | Build | Farm |
| 21:56 | Build | Farm |
| 22:01 | Build | Farm |
| 22:02 | Build | Farm |
| 22:02 | Build | Farm |
| 22:02 | Build | Farm |
| 22:02 | Build | Farm |
| 22:03 | Build | Farm |
| 22:06 | Create | Villager (Male) ×5 |
| 22:53 | Build | Farm |
| 22:54 | Build | Farm |
| 22:54 | Build | Farm |
| 22:54 | Build | Farm |
| 22:55 | Create | Villager (Male) ×5 |
| 23:04 | Research | Loom |
| 23:16 | Build | House |
| 23:16 | Build | House |
| 23:18 | Build | House |
| 23:30 | Research | Gold Mining |
| 23:35 | Create | Villager (Male) ×5 |
| 23:46 | Build | Farm |
| 23:46 | Build | Farm |
| 23:47 | Build | Farm |
| 23:47 | Build | Farm |
| 24:04 | Create | Villager (Male) ×5 |
| 24:08 | Research | Gold Shaft Mining |
| 24:09 | Research | Stone Mining |
| 24:19 | Build | Farm |
| 24:19 | Build | Farm |
| 24:19 | Build | Farm |
| 24:21 | Create | Villager (Male) ×5 |
Build order — MarcusBrody
First 150 of 376 actions detected
| 0:01 | Create | Villager (Male) |
| 0:02 | Build | House |
| 0:03 | Build | House |
| 0:08 | Create | Villager (Male) |
| 0:11 | Create | Villager (Male) |
| 0:18 | Create | Villager (Male) |
| 1:29 | Create | Villager (Male) |
| 2:07 | Create | Villager (Male) |
| 2:17 | Build | Lumber Camp |
| 2:32 | Create | Villager (Male) |
| 2:44 | Create | Villager (Male) |
| 2:56 | Create | Villager (Male) |
| 3:47 | Create | Villager (Male) |
| 3:51 | Build | House |
| 4:06 | Create | Villager (Male) |
| 4:16 | Build | House |
| 4:25 | Create | Villager (Male) |
| 4:53 | Create | Villager (Male) |
| 5:01 | Create | Villager (Male) |
| 5:48 | Create | Villager (Male) |
| 6:10 | Build | Mill |
| 6:14 | Create | Villager (Male) |
| 6:47 | Research | Feudal Age |
| 7:05 | Create | Villager (Male) |
| 8:31 | Create | Villager (Male) |
| 8:57 | Age | Feudal Age |
| 8:57 | Research | Double-Bit Axe |
| 8:58 | Research | Double-Bit Axe |
| 8:59 | Research | Horse Collar |
| 8:59 | Research | Horse Collar |
| 9:08 | Build | Farm |
| 9:10 | Build | Farm |
| 9:21 | Create | Villager (Male) |
| 9:31 | Build | Mining Camp |
| 9:52 | Build | Farm |
| 10:04 | Create | Villager (Male) |
| 10:07 | Research | Gold Mining |
| 10:11 | Create | Villager (Male) |
| 10:16 | Research | Wheelbarrow |
| 10:18 | Build | House |
| 10:42 | Build | House |
| 10:58 | Build | Farm |
| 11:01 | Create | Villager (Male) |
| 11:05 | Build | Mining Camp |
| 11:10 | Create | Villager (Male) |
| 11:17 | Build | House |
| 11:23 | Create | Villager (Male) |
| 11:26 | Build | Farm |
| 11:30 | Create | Villager (Male) |
| 11:50 | Build | House |
| 11:50 | Create | Villager (Male) |
| 11:59 | Create | Villager (Male) |
| 12:00 | Create | Villager (Male) |
| 12:10 | Build | Farm |
| 12:12 | Build | Farm |
| 12:12 | Create | Villager (Male) |
| 12:22 | Build | House |
| 12:23 | Build | Palisade Wall |
| 12:25 | Create | Villager (Male) |
| 12:36 | Build | Stone Wall |
| 12:59 | Build | Farm |
| 13:15 | Build | Market |
| 13:17 | Create | Villager (Male) |
| 13:24 | Build | Farm |
| 13:25 | Create | Villager (Male) |
| 13:38 | Create | Villager (Male) |
| 14:04 | Build | Blacksmith |
| 14:26 | Build | House |
| 14:32 | Create | Villager (Male) |
| 14:37 | Research | Loom |
| 14:47 | Research | Castle Age |
| 15:04 | Build | House |
| 15:05 | Build | House |
| 15:37 | Research | Stone Mining |
| 15:59 | Build | Farm |
| 16:01 | Build | Farm |
| 16:04 | Build | Farm |
| 17:28 | Create | Villager (Male) |
| 17:38 | Age | Castle Age |
| 17:38 | Create | Villager (Male) |
| 17:43 | Build | Castle |
| 17:55 | Research | Bow Saw |
| 17:57 | Research | Heavy Plow |
| 17:59 | Research | Gold Shaft Mining |
| 18:04 | Create | Villager (Male) |
| 18:12 | Build | Town Center |
| 18:14 | Create | Villager (Male) |
| 18:27 | Create | Villager (Male) |
| 18:28 | Create | Villager (Male) |
| 19:01 | Create | Villager (Male) |
| 19:03 | Research | Loom |
| 19:16 | Create | Unit 1949 |
| 19:16 | Create | Unit 1949 |
| 19:17 | Create | Petard |
| 19:18 | Create | Petard |
| 19:28 | Create | Villager (Male) |
| 19:35 | Create | Villager (Male) |
| 19:36 | Create | Villager (Male) |
| 19:59 | Create | Villager (Male) |
| 19:59 | Create | Villager (Male) |
| 20:02 | Build | Farm |
| 20:02 | Build | Farm |
| 20:03 | Build | Farm |
| 20:03 | Build | Farm |
| 20:03 | Build | Farm |
| 20:03 | Build | Farm |
| 20:04 | Build | Farm |
| 20:10 | Build | Farm |
| 20:11 | Build | Farm |
| 20:13 | Build | Farm |
| 20:15 | Create | Villager (Male) |
| 20:27 | Build | Farm |
| 20:28 | Build | Farm |
| 20:42 | Build | Farm |
| 20:44 | Create | Villager (Male) |
| 20:55 | Create | Villager (Male) |
| 20:56 | Create | Villager (Male) |
| 20:57 | Create | Unit 1949 |
| 21:01 | Build | Farm |
| 21:03 | Build | Farm |
| 21:05 | Build | Farm |
| 21:08 | Build | Farm |
| 21:10 | Build | Farm |
| 21:11 | Create | Villager (Male) |
| 21:15 | Build | House |
| 21:16 | Build | House |
| 21:16 | Build | House |
| 21:17 | Create | Villager (Male) |
| 21:25 | Create | Villager (Male) |
| 21:28 | Build | Town Center |
| 21:29 | Create | Villager (Male) |
| 21:39 | Create | Villager (Male) |
| 21:44 | Create | Villager (Male) |
| 21:57 | Create | Villager (Male) |
| 22:02 | Research | Scale Barding Armor |
| 22:03 | Research | Forging |
| 22:10 | Create | Villager (Male) |
| 22:11 | Create | Villager (Male) |
| 22:23 | Create | Villager (Male) |
| 22:25 | Create | Villager (Male) |
| 22:29 | Build | House |
| 22:30 | Build | House |
| 22:31 | Create | Villager (Male) |
| 22:33 | Create | Villager (Male) |
| 22:54 | Create | Villager (Male) |
| 22:58 | Create | Villager (Male) |
| 23:15 | Create | Villager (Male) |
| 23:17 | Build | Farm |
| 23:18 | Build | Farm |
| 23:20 | Build | Farm |
Build order — VIT | Hera
First 150 of 496 actions detected
| 0:00 | Create | Villager (Male) |
| 0:01 | Create | Villager (Male) |
| 0:01 | Create | Villager (Male) |
| 0:01 | Create | Villager (Male) |
| 0:02 | Build | House |
| 0:02 | Build | House |
| 1:32 | Create | Villager (Male) |
| 1:32 | Create | Villager (Male) |
| 1:32 | Create | Villager (Male) |
| 2:21 | Create | Villager (Male) |
| 2:22 | Create | Villager (Male) |
| 3:04 | Create | Villager (Male) |
| 3:05 | Create | Villager (Male) |
| 3:05 | Create | Villager (Male) |
| 3:25 | Build | House |
| 3:54 | Build | Lumber Camp |
| 4:04 | Create | Villager (Male) |
| 4:04 | Create | Villager (Male) |
| 4:05 | Create | Villager (Male) |
| 4:05 | Create | Villager (Male) |
| 4:06 | Create | Villager (Male) |
| 5:07 | Create | Villager (Male) |
| 5:07 | Create | Villager (Male) |
| 5:31 | Build | Mill |
| 5:37 | Build | House |
| 5:49 | Create | Villager (Male) |
| 5:50 | Create | Villager (Male) |
| 5:50 | Create | Villager (Male) |
| 5:50 | Create | Villager (Male) |
| 6:51 | Build | House |
| 7:11 | Build | Farm |
| 8:14 | Create | Villager (Male) |
| 8:17 | Research | Feudal Age |
| 8:28 | Build | Mining Camp |
| 9:28 | Build | Farm |
| 10:28 | Create | Villager (Male) |
| 10:34 | Create | Villager (Male) |
| 10:56 | Age | Feudal Age |
| 10:57 | Build | Blacksmith |
| 10:58 | Build | Market |
| 11:35 | Build | House |
| 11:47 | Research | Castle Age |
| 11:55 | Research | Double-Bit Axe |
| 11:56 | Research | Double-Bit Axe |
| 12:05 | Research | Horse Collar |
| 12:10 | Build | Farm |
| 12:16 | Build | Farm |
| 12:17 | Build | Farm |
| 14:16 | Create | Villager (Male) |
| 14:27 | Age | Castle Age |
| 14:28 | Build | Town Center |
| 14:29 | Create | Villager (Male) |
| 14:34 | Build | Town Center |
| 14:37 | Research | Bow Saw |
| 14:38 | Research | Bow Saw |
| 14:38 | Research | Heavy Plow |
| 14:38 | Research | Heavy Plow |
| 14:45 | Build | Farm |
| 15:06 | Build | Farm |
| 15:07 | Create | Villager (Male) |
| 15:28 | Create | Villager (Male) |
| 15:28 | Create | Villager (Male) |
| 15:29 | Build | Farm |
| 15:31 | Build | Farm |
| 15:34 | Build | Farm |
| 15:37 | Create | Villager (Male) |
| 15:37 | Create | Villager (Male) |
| 15:37 | Create | Villager (Male) |
| 15:55 | Create | Villager (Male) |
| 16:04 | Create | Villager (Male) |
| 16:12 | Build | Farm |
| 16:12 | Build | Farm |
| 16:12 | Build | Farm |
| 16:13 | Build | Farm |
| 16:21 | Create | Villager (Male) |
| 16:28 | Create | Villager (Male) |
| 16:28 | Create | Villager (Male) |
| 16:33 | Build | Farm |
| 16:33 | Build | Farm |
| 16:34 | Build | Farm |
| 16:44 | Create | Villager (Male) |
| 16:44 | Create | Villager (Male) |
| 16:44 | Create | Villager (Male) |
| 16:45 | Build | Farm |
| 17:02 | Create | Villager (Male) |
| 17:02 | Create | Villager (Male) |
| 17:06 | Build | Farm |
| 17:07 | Build | Farm |
| 17:10 | Create | Villager (Male) |
| 17:10 | Create | Villager (Male) |
| 17:11 | Build | Farm |
| 17:21 | Create | Villager (Male) |
| 17:21 | Create | Villager (Male) |
| 17:31 | Create | Villager (Male) |
| 17:33 | Build | Farm |
| 17:39 | Build | Farm |
| 17:41 | Build | House |
| 17:42 | Build | House |
| 17:42 | Build | House |
| 17:43 | Create | Villager (Male) |
| 17:43 | Create | Villager (Male) |
| 17:47 | Build | Farm |
| 17:51 | Build | Farm |
| 17:54 | Create | Villager (Male) |
| 17:54 | Create | Villager (Male) |
| 17:57 | Build | Farm |
| 17:59 | Create | Villager (Male) |
| 18:03 | Build | House |
| 18:06 | Create | Villager (Male) |
| 18:06 | Create | Villager (Male) |
| 18:12 | Build | House |
| 18:13 | Create | Villager (Male) |
| 18:13 | Create | Villager (Male) |
| 18:18 | Build | Farm |
| 18:25 | Create | Villager (Male) |
| 18:25 | Create | Villager (Male) |
| 18:32 | Create | Villager (Male) |
| 18:33 | Create | Villager (Male) |
| 18:33 | Create | Villager (Male) |
| 18:35 | Build | Farm |
| 18:41 | Create | Villager (Male) |
| 18:45 | Build | Farm |
| 18:45 | Build | Farm |
| 18:55 | Create | Villager (Male) |
| 18:55 | Create | Villager (Male) |
| 19:04 | Create | Villager (Male) |
| 19:05 | Create | Villager (Male) |
| 19:05 | Create | Villager (Male) |
| 19:19 | Build | Town Center |
| 19:20 | Create | Villager (Male) |
| 19:24 | Create | Villager (Male) |
| 19:24 | Create | Villager (Male) |
| 19:26 | Build | Farm |
| 19:36 | Build | House |
| 19:37 | Create | Villager (Male) |
| 19:37 | Create | Villager (Male) |
| 19:37 | Create | Villager (Male) |
| 19:41 | Research | Wheelbarrow |
| 19:42 | Research | Wheelbarrow |
| 19:46 | Build | Farm |
| 19:52 | Create | Villager (Male) |
| 19:53 | Create | Villager (Male) |
| 19:58 | Build | House |
| 19:58 | Build | House |
| 19:59 | Create | Villager (Male) |
| 19:59 | Create | Villager (Male) |
| 20:02 | Create | Villager (Male) |
| 20:02 | Create | Villager (Male) |
| 20:09 | Build | Farm |
| 20:12 | Build | Farm |
Build order — insomnia
First 150 of 344 actions detected
| 0:01 | Create | Villager (Male) |
| 0:01 | Create | Villager (Male) |
| 0:02 | Create | Villager (Male) |
| 0:03 | Build | House |
| 0:05 | Build | House |
| 0:32 | Create | Villager (Male) |
| 1:25 | Create | Villager (Male) |
| 1:46 | Build | Lumber Camp |
| 2:11 | Create | Villager (Male) |
| 2:23 | Create | Villager (Male) |
| 2:54 | Create | Villager (Male) |
| 3:09 | Create | Villager (Male) |
| 3:23 | Build | House |
| 3:24 | Build | House |
| 3:26 | Build | House |
| 3:49 | Create | Villager (Male) |
| 4:06 | Create | Villager (Male) |
| 4:49 | Create | Villager (Male) |
| 4:59 | Build | Mill |
| 5:10 | Create | Villager (Male) |
| 5:10 | Create | Villager (Male) |
| 5:45 | Create | Villager (Male) |
| 5:45 | Create | Villager (Male) |
| 5:46 | Create | Villager (Male) |
| 6:25 | Create | Villager (Male) |
| 6:35 | Create | Villager (Male) |
| 6:56 | Create | Villager (Male) |
| 8:05 | Create | Villager (Male) |
| 8:40 | Research | Loom |
| 8:56 | Research | Feudal Age |
| 9:09 | Build | Mining Camp |
| 10:29 | Create | Villager (Male) |
| 10:29 | Create | Villager (Male) |
| 11:34 | Age | Feudal Age |
| 11:41 | Build | Market |
| 11:44 | Build | Blacksmith |
| 12:02 | Build | Blacksmith |
| 12:14 | Build | House |
| 12:15 | Build | House |
| 12:24 | Research | Castle Age |
| 12:44 | Research | Horse Collar |
| 12:45 | Research | Double-Bit Axe |
| 12:49 | Build | Farm |
| 12:51 | Build | Farm |
| 12:54 | Build | Farm |
| 12:57 | Build | Farm |
| 13:02 | Build | Farm |
| 14:01 | Build | Barracks |
| 14:08 | Research | Gold Mining |
| 14:36 | Research | Fletching |
| 14:47 | Create | Villager (Male) |
| 15:04 | Age | Castle Age |
| 15:11 | Create | Spearman |
| 15:53 | Create | Villager (Male) |
| 15:55 | Create | Villager (Male) |
| 15:58 | Build | Town Center |
| 16:08 | Create | Spearman |
| 16:16 | Build | Monastery |
| 16:20 | Build | Farm |
| 16:21 | Build | Farm |
| 16:21 | Build | Farm |
| 16:23 | Build | Farm |
| 16:24 | Create | Villager (Male) |
| 16:25 | Create | Villager (Male) |
| 16:38 | Create | Villager (Male) |
| 16:46 | Research | Bow Saw |
| 16:51 | Create | Monk |
| 17:05 | Create | Villager (Male) |
| 17:11 | Create | Villager (Male) |
| 17:17 | Create | Villager (Male) |
| 17:32 | Create | Villager (Male) |
| 17:36 | Build | Farm |
| 17:39 | Build | Farm |
| 17:50 | Create | Villager (Male) |
| 17:55 | Build | Farm |
| 18:00 | Build | Farm |
| 18:01 | Build | Farm |
| 18:02 | Create | Villager (Male) |
| 18:13 | Research | Heavy Plow |
| 18:18 | Create | Villager (Male) |
| 18:19 | Create | Villager (Male) |
| 18:44 | Create | Villager (Male) |
| 18:44 | Create | Villager (Male) |
| 19:03 | Create | Villager (Male) |
| 19:04 | Create | Villager (Male) |
| 19:16 | Create | Villager (Male) |
| 19:22 | Create | Monk |
| 19:37 | Build | Farm |
| 19:43 | Build | House |
| 19:49 | Build | Lumber Camp |
| 19:52 | Build | Farm |
| 19:56 | Research | Wheelbarrow |
| 20:18 | Build | House |
| 20:20 | Build | House |
| 20:22 | Build | House |
| 20:26 | Build | Farm |
| 20:27 | Build | Farm |
| 20:27 | Create | Villager (Male) |
| 20:28 | Create | Villager (Male) |
| 20:28 | Create | Villager (Male) |
| 20:34 | Build | Archery Range |
| 20:41 | Build | Archery Range |
| 20:42 | Create | Villager (Male) |
| 21:11 | Create | Villager (Male) |
| 21:12 | Create | Villager (Male) |
| 21:19 | Build | Town Center |
| 21:22 | Create | Villager (Male) |
| 21:28 | Research | Squires |
| 21:36 | Create | Villager (Male) |
| 21:59 | Research | Crossbowman (upgrade) |
| 22:00 | Create | Archer |
| 22:00 | Create | Archer |
| 22:01 | Create | Archer |
| 22:04 | Build | Archery Range |
| 22:06 | Build | Farm |
| 22:13 | Build | Farm |
| 22:26 | Research | Bodkin Arrow |
| 22:36 | Create | Archer |
| 22:36 | Create | Archer |
| 22:37 | Create | Archer |
| 22:38 | Create | Villager (Male) |
| 22:38 | Create | Villager (Male) |
| 22:38 | Create | Villager (Male) |
| 22:42 | Create | Archer |
| 22:42 | Create | Archer |
| 22:48 | Build | Farm |
| 22:48 | Create | Villager (Male) |
| 22:54 | Build | Farm |
| 22:55 | Build | Farm |
| 22:56 | Build | Farm |
| 23:07 | Research | Padded Archer Armor |
| 23:13 | Build | University |
| 23:16 | Create | Archer |
| 23:17 | Create | Archer |
| 23:21 | Build | Farm |
| 23:22 | Create | Villager (Male) |
| 23:22 | Create | Villager (Male) |
| 23:25 | Build | Farm |
| 23:30 | Build | Farm |
| 23:30 | Create | Villager (Male) |
| 23:31 | Create | Villager (Male) |
| 23:35 | Build | Farm |
| 23:37 | Build | House |
| 23:39 | Build | House |
| 23:40 | Build | House |
| 24:09 | Create | Villager (Male) |
| 24:09 | Create | Villager (Male) |
| 24:12 | Create | Archer ×4 |
| 24:18 | Build | Farm |
| 24:19 | Build | Farm |
Build order — GAX | ERV
First 150 of 446 actions detected
| 0:01 | Create | Villager (Male) |
| 0:01 | Create | Villager (Male) |
| 0:02 | Create | Villager (Male) |
| 0:02 | Create | Villager (Male) |
| 0:02 | Create | Villager (Male) |
| 0:02 | Create | Villager (Male) |
| 0:03 | Build | House |
| 0:04 | Build | House |
| 1:24 | Create | Villager (Male) |
| 1:25 | Create | Villager (Male) |
| 1:49 | Build | Lumber Camp |
| 1:59 | Create | Villager (Male) |
| 1:59 | Create | Villager (Male) |
| 2:15 | Create | Villager (Male) |
| 2:16 | Create | Villager (Male) |
| 2:46 | Create | Villager (Male) |
| 2:46 | Create | Villager (Male) |
| 3:12 | Create | Villager (Male) |
| 3:12 | Create | Villager (Male) |
| 3:38 | Create | Villager (Male) |
| 3:38 | Create | Villager (Male) |
| 3:44 | Build | House |
| 4:05 | Create | Villager (Male) |
| 4:06 | Create | Villager (Male) |
| 4:16 | Create | Villager (Male) |
| 4:46 | Build | Mill |
| 5:07 | Create | Villager (Male) |
| 5:09 | Create | Villager (Male) |
| 5:09 | Create | Villager (Male) |
| 5:09 | Create | Villager (Male) |
| 5:09 | Create | Villager (Male) |
| 5:11 | Build | House |
| 5:50 | Create | Villager (Male) |
| 6:37 | Build | Farm |
| 6:38 | Build | Farm |
| 7:23 | Create | Villager (Male) |
| 7:27 | Build | Farm |
| 7:57 | Create | Villager (Male) |
| 8:07 | Create | Villager (Male) |
| 8:27 | Build | Mining Camp |
| 8:36 | Research | Feudal Age |
| 10:57 | Age | Feudal Age |
| 10:59 | Research | Castle Age |
| 10:59 | Research | Castle Age |
| 11:03 | Research | Double-Bit Axe |
| 11:04 | Research | Horse Collar |
| 11:34 | Build | Farm |
| 11:46 | Build | House |
| 13:39 | Age | Castle Age |
| 13:43 | Build | Town Center |
| 13:46 | Create | Villager (Male) |
| 13:49 | Build | Town Center |
| 13:54 | Research | Bow Saw |
| 13:55 | Research | Heavy Plow |
| 13:55 | Create | Villager (Male) |
| 14:16 | Build | Farm |
| 14:27 | Create | Villager (Male) |
| 14:42 | Build | Farm |
| 14:45 | Create | Villager (Male) |
| 14:52 | Create | Villager (Male) |
| 14:57 | Create | Villager (Male) |
| 15:04 | Build | Farm |
| 15:07 | Create | Villager (Male) |
| 15:07 | Create | Villager (Male) |
| 15:14 | Create | Villager (Male) |
| 15:28 | Build | Farm |
| 15:31 | Build | Farm |
| 15:36 | Build | House |
| 15:43 | Create | Villager (Male) |
| 15:43 | Create | Villager (Male) |
| 15:50 | Build | Farm |
| 16:07 | Create | Villager (Male) |
| 16:07 | Create | Villager (Male) |
| 16:08 | Create | Villager (Male) |
| 16:13 | Build | Farm |
| 16:16 | Build | Farm |
| 16:30 | Build | Farm |
| 16:32 | Build | Farm |
| 16:34 | Create | Villager (Male) |
| 16:34 | Create | Villager (Male) |
| 16:40 | Build | House |
| 16:41 | Create | Villager (Male) |
| 16:42 | Create | Villager (Male) |
| 16:44 | Build | Farm |
| 16:47 | Build | Farm |
| 16:54 | Build | Farm |
| 16:55 | Create | Villager (Male) |
| 16:56 | Create | Villager (Male) |
| 17:02 | Build | House |
| 17:05 | Create | Villager (Male) |
| 17:06 | Create | Villager (Male) |
| 17:09 | Build | Farm |
| 17:10 | Create | Villager (Male) |
| 17:15 | Build | Farm |
| 17:19 | Build | Farm |
| 17:20 | Create | Villager (Male) |
| 17:21 | Create | Villager (Male) |
| 17:26 | Create | Villager (Male) |
| 17:27 | Create | Villager (Male) |
| 17:41 | Build | Farm |
| 17:47 | Create | Villager (Male) |
| 17:47 | Create | Villager (Male) |
| 17:48 | Create | Villager (Male) |
| 17:51 | Build | House |
| 17:52 | Build | House |
| 17:54 | Create | Villager (Male) |
| 17:54 | Create | Villager (Male) |
| 18:05 | Create | Villager (Male) |
| 18:06 | Create | Villager (Male) |
| 18:06 | Create | Villager (Male) |
| 18:25 | Build | Town Center |
| 18:31 | Research | Wheelbarrow |
| 18:31 | Create | Villager (Male) |
| 18:34 | Create | Villager (Male) |
| 18:34 | Create | Villager (Male) |
| 18:40 | Create | Villager (Male) |
| 18:42 | Build | Farm |
| 18:45 | Build | Farm |
| 18:46 | Create | Villager (Male) |
| 18:46 | Create | Villager (Male) |
| 18:53 | Create | Villager (Male) |
| 18:53 | Create | Villager (Male) |
| 19:04 | Build | House |
| 19:05 | Build | House |
| 19:07 | Build | House |
| 19:09 | Create | Villager (Male) |
| 19:10 | Create | Villager (Male) |
| 19:10 | Create | Villager (Male) |
| 19:11 | Create | Villager (Male) |
| 19:25 | Build | Farm |
| 19:28 | Build | Farm |
| 19:30 | Create | Villager (Male) |
| 19:30 | Create | Villager (Male) |
| 19:31 | Create | Villager (Male) |
| 19:31 | Create | Villager (Male) |
| 19:32 | Build | Farm |
| 19:35 | Build | Farm |
| 19:36 | Create | Villager (Male) |
| 19:36 | Create | Villager (Male) |
| 19:39 | Build | Farm |
| 19:40 | Build | Farm |
| 19:41 | Build | Farm |
| 19:43 | Build | Farm |
| 19:45 | Create | Villager (Male) |
| 19:47 | Create | Villager (Male) |
| 19:48 | Create | Villager (Male) |
| 19:58 | Research | Gold Mining |
| 19:58 | Research | Gold Mining |
| 20:04 | Build | Farm |
| 20:05 | Create | Villager (Male) |
Build order — Lord Snow
First 150 of 329 actions detected
| 0:00 | Create | Villager (Male) |
| 0:01 | Create | Villager (Male) |
| 0:01 | Create | Villager (Male) |
| 0:01 | Create | Villager (Male) |
| 0:03 | Build | House |
| 0:05 | Build | House |
| 1:36 | Create | Villager (Male) |
| 1:53 | Build | Lumber Camp |
| 1:57 | Create | Villager (Male) |
| 2:01 | Create | Villager (Male) |
| 2:45 | Create | Villager (Male) |
| 3:08 | Create | Villager (Male) |
| 3:17 | Build | House |
| 3:19 | Build | House |
| 3:19 | Build | House |
| 3:32 | Create | Villager (Male) |
| 3:57 | Create | Villager (Male) |
| 4:20 | Create | Villager (Male) |
| 4:26 | Build | House |
| 4:55 | Create | Villager (Male) |
| 5:07 | Build | Mill |
| 5:17 | Create | Villager (Male) |
| 5:30 | Create | Villager (Male) |
| 6:07 | Create | Villager (Male) |
| 6:14 | Create | Villager (Male) |
| 6:32 | Build | House |
| 6:36 | Create | Villager (Male) |
| 6:57 | Create | Villager (Male) |
| 7:26 | Build | Farm |
| 7:27 | Create | Villager (Male) |
| 7:51 | Create | Villager (Male) |
| 7:59 | Create | Villager (Male) |
| 8:06 | Build | Farm |
| 8:09 | Build | Farm |
| 8:15 | Build | Farm |
| 8:22 | Build | Farm |
| 8:48 | Create | Villager (Male) |
| 9:21 | Build | Mining Camp |
| 9:33 | Research | Feudal Age |
| 10:26 | Create | Villager (Male) |
| 10:26 | Create | Villager (Male) |
| 11:46 | Age | Feudal Age |
| 11:49 | Build | Market |
| 11:53 | Build | Blacksmith |
| 12:06 | Research | Double-Bit Axe |
| 12:14 | Research | Horse Collar |
| 12:44 | Research | Castle Age |
| 12:44 | Research | Castle Age |
| 13:26 | Build | House |
| 13:27 | Build | House |
| 14:01 | Build | Farm |
| 14:04 | Build | Farm |
| 14:39 | Build | House |
| 14:47 | Create | Villager (Male) |
| 14:47 | Create | Villager (Male) |
| 15:24 | Age | Castle Age |
| 15:26 | Build | Town Center |
| 15:33 | Research | Bow Saw |
| 15:35 | Research | Heavy Plow |
| 15:52 | Create | Villager (Male) |
| 15:59 | Build | Farm |
| 16:01 | Build | Farm |
| 16:02 | Create | Villager (Male) |
| 16:09 | Build | Farm |
| 16:12 | Build | Farm |
| 16:15 | Build | Farm |
| 16:23 | Build | Farm |
| 16:29 | Create | Villager (Male) |
| 16:35 | Research | Stone Mining |
| 16:36 | Research | Gold Mining |
| 16:42 | Build | Farm |
| 16:48 | Create | Villager (Male) ×3 |
| 17:05 | Create | Villager (Male) |
| 17:09 | Build | Farm |
| 17:11 | Build | Farm |
| 17:17 | Build | Farm |
| 17:23 | Build | House |
| 17:24 | Build | House |
| 17:26 | Build | House |
| 17:37 | Create | Villager (Male) |
| 17:38 | Research | Wheelbarrow |
| 17:53 | Create | Villager (Male) ×2 |
| 18:28 | Create | Villager (Male) ×3 |
| 18:48 | Build | House |
| 18:50 | Build | House |
| 18:53 | Build | House |
| 19:04 | Create | Villager (Male) |
| 19:11 | Build | Town Center |
| 19:32 | Create | Villager (Male) ×5 |
| 19:40 | Build | Town Center |
| 19:41 | Create | Villager (Male) ×2 |
| 19:56 | Build | Farm |
| 20:01 | Build | House |
| 20:02 | Build | House |
| 20:22 | Create | Villager (Male) ×4 |
| 20:50 | Build | Farm |
| 20:53 | Create | Villager (Male) ×4 |
| 21:05 | Build | Farm |
| 21:09 | Build | Farm |
| 21:11 | Build | Farm |
| 21:17 | Build | Castle |
| 21:22 | Create | Villager (Male) ×3 |
| 21:28 | Build | Farm |
| 21:30 | Build | Farm |
| 21:33 | Build | Farm |
| 21:37 | Build | Farm |
| 21:41 | Build | Farm |
| 21:43 | Create | Villager (Male) ×3 |
| 21:58 | Create | Villager (Male) ×4 |
| 22:12 | Research | Hand Cart |
| 22:21 | Build | Farm |
| 22:21 | Build | Farm |
| 22:21 | Build | Farm |
| 22:22 | Build | Farm |
| 22:22 | Build | Farm |
| 22:22 | Build | Farm |
| 22:22 | Build | Farm |
| 22:22 | Build | Farm |
| 22:23 | Build | Farm |
| 22:23 | Build | Farm |
| 22:23 | Build | Farm |
| 22:30 | Create | Villager (Male) ×2 |
| 22:38 | Build | Farm |
| 22:40 | Build | Farm |
| 22:42 | Create | Villager (Male) ×3 |
| 22:55 | Create | Villager (Male) ×3 |
| 23:03 | Build | Farm |
| 23:04 | Build | Farm |
| 23:05 | Build | Farm |
| 23:10 | Create | Villager (Male) ×2 |
| 23:16 | Build | Farm |
| 23:18 | Build | Farm |
| 23:20 | Build | Farm |
| 23:28 | Build | Farm |
| 23:31 | Build | Farm |
| 23:34 | Build | Farm |
| 23:37 | Build | Farm |
| 23:39 | Create | Villager (Male) ×5 |
| 23:42 | Research | Loom |
| 23:49 | Build | Farm |
| 23:52 | Build | Farm |
| 23:57 | Build | Farm |
| 24:04 | Create | Ratha (Ranged) ×3 |
| 24:04 | Create | Ratha (Ranged) ×3 |
| 24:17 | Research | Padded Archer Armor |
| 24:22 | Create | Villager (Male) ×5 |
| 24:33 | Build | Farm |
| 24:34 | Build | Farm |
| 24:34 | Build | Farm |
| 24:34 | Build | Farm |
Build order — GAX | Thui
First 150 of 358 actions detected
| 0:01 | Create | Villager (Male) |
| 0:01 | Create | Villager (Male) |
| 0:03 | Build | House |
| 0:04 | Build | House |
| 0:05 | Create | Villager (Male) |
| 0:05 | Create | Villager (Male) |
| 1:22 | Create | Villager (Male) |
| 1:48 | Create | Villager (Male) |
| 1:54 | Create | Villager (Male) |
| 2:14 | Build | Lumber Camp |
| 2:41 | Build | House |
| 2:55 | Create | Villager (Male) |
| 3:20 | Build | House |
| 3:37 | Create | Villager (Male) |
| 3:38 | Create | Villager (Male) |
| 3:52 | Build | House |
| 4:21 | Create | Villager (Male) |
| 4:41 | Create | Villager (Male) |
| 5:11 | Create | Villager (Male) |
| 5:23 | Build | Mill |
| 5:25 | Create | Villager (Male) |
| 6:00 | Create | Villager (Male) |
| 6:40 | Create | Villager (Male) |
| 6:42 | Create | Villager (Male) |
| 7:19 | Build | Mining Camp |
| 7:32 | Create | Villager (Male) |
| 7:38 | Create | Villager (Male) |
| 8:08 | Research | Feudal Age |
| 8:35 | Build | Mining Camp |
| 10:25 | Create | Villager (Male) |
| 10:32 | Age | Feudal Age |
| 10:36 | Build | Market |
| 10:41 | Build | Blacksmith |
| 10:44 | Create | Villager (Male) |
| 10:56 | Build | House |
| 11:18 | Create | Villager (Male) |
| 11:59 | Create | Villager (Male) |
| 12:08 | Build | Farm |
| 12:13 | Build | Farm |
| 12:22 | Create | Villager (Male) |
| 12:26 | Build | Farm |
| 12:43 | Build | Farm |
| 12:43 | Build | Farm |
| 12:43 | Build | Farm |
| 12:44 | Build | Farm |
| 12:55 | Build | House |
| 12:59 | Build | Farm |
| 13:12 | Research | Loom |
| 13:16 | Research | Castle Age |
| 13:54 | Research | Double-Bit Axe |
| 14:30 | Create | Villager (Male) |
| 14:48 | Research | Gold Mining |
| 14:49 | Research | Stone Mining |
| 15:02 | Build | Barracks |
| 15:27 | Create | Villager (Male) |
| 15:45 | Research | Horse Collar |
| 16:17 | Age | Castle Age |
| 16:25 | Build | Town Center |
| 16:38 | Create | Villager (Male) |
| 16:41 | Create | Villager (Male) |
| 16:48 | Build | Town Center |
| 16:56 | Build | Archery Range |
| 17:39 | Build | Farm |
| 17:43 | Create | Villager (Male) |
| 17:45 | Create | Villager (Male) |
| 17:48 | Build | Farm |
| 17:48 | Build | Farm |
| 17:49 | Build | Farm |
| 17:49 | Build | Farm |
| 18:03 | Build | Farm |
| 18:13 | Build | Farm |
| 18:16 | Create | Villager (Male) |
| 18:37 | Create | Archer |
| 18:37 | Create | Archer |
| 18:38 | Create | Villager (Male) |
| 18:43 | Build | House |
| 18:45 | Build | House |
| 18:54 | Create | Villager (Male) |
| 19:03 | Create | Villager (Male) |
| 19:12 | Build | Farm |
| 19:14 | Create | Villager (Male) |
| 19:33 | Create | Villager (Male) |
| 19:37 | Build | Farm |
| 19:39 | Build | Farm |
| 19:43 | Create | Villager (Male) |
| 19:47 | Build | Farm |
| 19:54 | Build | House |
| 19:57 | Create | Archer |
| 19:59 | Create | Villager (Male) |
| 20:08 | Create | Villager (Male) |
| 20:19 | Build | Lumber Camp |
| 20:22 | Create | Villager (Male) |
| 20:27 | Build | House |
| 20:33 | Create | Archer |
| 20:34 | Create | Archer |
| 20:35 | Create | Villager (Male) |
| 20:44 | Build | Outpost |
| 20:45 | Create | Villager (Male) |
| 21:04 | Build | Castle |
| 21:12 | Create | Villager (Male) |
| 21:15 | Create | Villager (Male) |
| 21:18 | Build | Farm |
| 21:20 | Create | Villager (Male) |
| 21:28 | Build | House |
| 21:39 | Research | Crossbowman (upgrade) |
| 21:57 | Create | Villager (Male) |
| 22:00 | Build | Farm |
| 22:01 | Create | Villager (Male) |
| 22:04 | Build | Farm |
| 22:04 | Build | Farm |
| 22:05 | Create | Villager (Male) |
| 22:28 | Create | Villager (Male) |
| 22:36 | Build | Farm |
| 22:37 | Create | Villager (Male) |
| 22:38 | Create | Villager (Male) |
| 22:43 | Create | Villager (Male) |
| 22:51 | Build | Farm |
| 22:58 | Create | Villager (Male) |
| 23:01 | Create | Villager (Male) |
| 23:14 | Research | Fletching |
| 23:14 | Create | Villager (Male) |
| 23:24 | Build | Farm |
| 23:37 | Research | Bow Saw |
| 23:37 | Research | Bow Saw |
| 23:37 | Research | Bow Saw |
| 23:42 | Build | Farm |
| 23:46 | Create | Archer |
| 23:47 | Create | Archer |
| 23:55 | Create | Villager (Male) |
| 23:57 | Create | Villager (Male) |
| 24:00 | Build | Farm |
| 24:13 | Create | Villager (Male) |
| 24:15 | Create | Villager (Male) |
| 24:16 | Create | Villager (Male) |
| 24:29 | Create | Villager (Male) |
| 24:38 | Build | Farm |
| 24:43 | Research | Padded Archer Armor |
| 24:43 | Create | Villager (Male) |
| 24:49 | Create | Longbowman |
| 24:49 | Create | Longbowman |
| 24:51 | Create | Villager (Male) |
| 24:53 | Create | Archer |
| 24:54 | Create | Archer |
| 24:58 | Create | Villager (Male) |
| 25:07 | Research | Heavy Plow |
| 25:20 | Create | Archer |
| 25:21 | Create | Archer |
| 25:22 | Create | Villager (Male) |
| 25:26 | Build | Farm |
| 25:36 | Build | University |
Build order — Levi
First 150 of 574 actions detected
| 0:01 | Create | Villager (Male) |
| 0:02 | Build | House |
| 0:03 | Build | House |
| 0:14 | Create | Villager (Male) |
| 0:15 | Create | Villager (Male) |
| 0:18 | Create | Villager (Male) |
| 0:18 | Create | Villager (Male) |
| 1:31 | Create | Villager (Male) |
| 1:32 | Create | Villager (Male) |
| 1:48 | Build | Lumber Camp |
| 2:03 | Create | Villager (Male) |
| 2:03 | Create | Villager (Male) |
| 2:18 | Create | Villager (Male) |
| 2:18 | Create | Villager (Male) |
| 2:47 | Create | Villager (Male) |
| 2:47 | Create | Villager (Male) |
| 3:01 | Create | Villager (Male) |
| 3:01 | Create | Villager (Male) |
| 3:35 | Create | Villager (Male) |
| 3:35 | Create | Villager (Male) |
| 3:45 | Create | Villager (Male) |
| 4:00 | Build | House |
| 4:27 | Create | Villager (Male) |
| 4:27 | Create | Villager (Male) |
| 4:32 | Build | Mill |
| 4:50 | Create | Villager (Male) |
| 4:50 | Create | Villager (Male) |
| 5:34 | Create | Villager (Male) |
| 5:46 | Create | Villager (Male) |
| 6:01 | Create | Villager (Male) |
| 6:05 | Build | House |
| 6:33 | Create | Villager (Male) |
| 7:15 | Create | Villager (Male) |
| 7:46 | Build | Mining Camp |
| 7:47 | Create | Villager (Male) |
| 8:00 | Create | Villager (Male) |
| 8:06 | Research | Feudal Age |
| 8:21 | Build | Farm |
| 8:27 | Build | Farm |
| 8:31 | Build | Farm |
| 9:46 | Create | Villager (Male) |
| 9:52 | Build | House |
| 10:18 | Create | Villager (Male) |
| 10:31 | Age | Feudal Age |
| 10:44 | Build | Market |
| 11:07 | Build | Blacksmith |
| 11:35 | Research | Castle Age |
| 11:35 | Research | Castle Age |
| 11:35 | Research | Castle Age |
| 11:51 | Research | Double-Bit Axe |
| 12:46 | Create | Villager (Male) |
| 12:50 | Research | Horse Collar |
| 13:15 | Build | House |
| 13:38 | Build | Farm |
| 13:43 | Create | Villager (Male) |
| 14:15 | Age | Castle Age |
| 14:15 | Build | Farm |
| 14:18 | Build | Town Center |
| 14:20 | Create | Villager (Male) |
| 14:27 | Build | Town Center |
| 14:39 | Research | Bow Saw |
| 14:59 | Create | Villager (Male) |
| 15:06 | Build | Farm |
| 15:12 | Create | Villager (Male) |
| 15:18 | Create | Villager (Male) |
| 15:25 | Build | Farm |
| 15:29 | Create | Villager (Male) |
| 15:36 | Create | Villager (Male) |
| 15:37 | Create | Villager (Male) |
| 15:41 | Research | Heavy Plow |
| 15:49 | Build | Farm |
| 15:54 | Build | Farm |
| 15:55 | Create | Villager (Male) |
| 16:06 | Build | Farm |
| 16:13 | Build | Farm |
| 16:23 | Create | Villager (Male) |
| 16:24 | Create | Villager (Male) |
| 16:24 | Create | Villager (Male) |
| 16:24 | Create | Villager (Male) |
| 16:24 | Create | Villager (Male) |
| 16:27 | Build | Farm |
| 16:29 | Build | Farm |
| 16:31 | Build | Farm |
| 16:40 | Build | Farm |
| 16:45 | Build | Farm |
| 16:46 | Create | Villager (Male) |
| 16:47 | Create | Villager (Male) |
| 16:47 | Create | Villager (Male) |
| 16:52 | Build | Farm |
| 16:53 | Create | Villager (Male) |
| 16:53 | Create | Villager (Male) |
| 16:54 | Create | Villager (Male) |
| 16:58 | Build | Farm |
| 17:01 | Create | Villager (Male) |
| 17:07 | Build | Farm |
| 17:16 | Build | House |
| 17:21 | Build | Farm |
| 17:27 | Create | Villager (Male) |
| 17:27 | Create | Villager (Male) |
| 17:28 | Create | Villager (Male) |
| 17:28 | Create | Villager (Male) |
| 17:30 | Build | Farm |
| 17:32 | Create | Villager (Male) |
| 17:32 | Create | Villager (Male) |
| 17:32 | Create | Villager (Male) |
| 17:38 | Build | Farm |
| 17:48 | Create | Villager (Male) |
| 17:49 | Create | Villager (Male) |
| 17:49 | Create | Villager (Male) |
| 17:54 | Build | Farm |
| 17:57 | Build | Farm |
| 17:57 | Create | Villager (Male) |
| 17:58 | Create | Villager (Male) |
| 18:03 | Create | Villager (Male) |
| 18:04 | Create | Villager (Male) |
| 18:04 | Create | Villager (Male) |
| 18:08 | Build | Farm |
| 18:11 | Build | House |
| 18:15 | Create | Villager (Male) |
| 18:15 | Create | Villager (Male) |
| 18:15 | Create | Villager (Male) |
| 18:16 | Create | Villager (Male) |
| 18:16 | Create | Villager (Male) |
| 18:19 | Build | Farm |
| 18:20 | Create | Villager (Male) |
| 18:21 | Create | Villager (Male) |
| 18:21 | Create | Villager (Male) |
| 18:34 | Build | House |
| 18:41 | Create | Villager (Male) |
| 18:44 | Build | Farm |
| 18:45 | Create | Villager (Male) |
| 18:45 | Create | Villager (Male) |
| 18:46 | Create | Villager (Male) |
| 18:46 | Create | Villager (Male) |
| 18:46 | Create | Villager (Male) |
| 18:46 | Create | Villager (Male) |
| 19:05 | Create | Villager (Male) |
| 19:06 | Create | Villager (Male) |
| 19:09 | Create | Villager (Male) |
| 19:21 | Create | Villager (Male) |
| 19:26 | Build | Town Center |
| 19:28 | Create | Villager (Male) |
| 19:30 | Create | Villager (Male) |
| 19:30 | Create | Villager (Male) |
| 19:31 | Create | Villager (Male) |
| 19:34 | Create | Villager (Male) |
| 19:38 | Build | Farm |
| 19:41 | Build | Farm |
| 19:41 | Create | Villager (Male) |
| 19:59 | Create | Villager (Male) |
Match timeline
| 8:57 | MarcusBrody · age_up feudal |
| 10:31 | Levi · age_up feudal |
| 10:32 | GAX | Thui · age_up feudal |
| 10:56 | VIT | Hera · age_up feudal |
| 10:57 | GAX | ERV · age_up feudal |
| 11:34 | insomnia · age_up feudal |
| 11:46 | Lord Snow · age_up feudal |
| 12:15 | noloomregret · age_up feudal |
| 12:23 | MarcusBrody · wall_segment Palisade Wall x1 |
| 12:36 | MarcusBrody · wall_segment Stone Wall x1 |
| 13:39 | GAX | ERV · age_up castle |
| 14:01 | insomnia · first_building Barracks |
| 14:06 | Levi · first_market_buy 100 food |
| 14:15 | Levi · age_up castle |
| 14:27 | VIT | Hera · age_up castle |
| 15:02 | GAX | Thui · first_building Barracks |
| 15:04 | insomnia · age_up castle |
| 15:24 | Lord Snow · age_up castle |
| 15:36 | VIT | Hera · first_market_buy 100 food |
| 16:10 | noloomregret · age_up castle |
| 16:16 | insomnia · first_building Monastery |
| 16:17 | GAX | Thui · age_up castle |
| 16:56 | GAX | Thui · first_building Archery Range |
| 17:19 | Lord Snow · first_market_buy 100 food |
| 17:38 | MarcusBrody · age_up castle |
| 17:43 | MarcusBrody · first_building Castle |
| 18:08 | insomnia · first_market_buy 100 food |
| 18:08 | MarcusBrody · first_market_buy 100 stone |
| 19:54 | noloomregret · first_market_buy 100 stone |
| 20:34 | insomnia · first_building Archery Range |
| 21:04 | GAX | Thui · first_building Castle |
| 21:17 | Lord Snow · first_building Castle |
| 21:36 | GAX | ERV · first_building Stable |
| 23:38 | VIT | Hera · first_building Monastery |
| 23:44 | MarcusBrody · first_building Monastery |
| 24:28 | Levi · first_building Monastery |
| 24:46 | GAX | ERV · first_market_sell 100 food |
| 25:01 | noloomregret · first_building Monastery |
| 25:11 | Levi · first_market_sell 100 food |
| 25:18 | VIT | Hera · first_building Castle |
| 25:27 | VIT | Hera · first_market_sell 100 food |
| 25:31 | Lord Snow · first_market_sell 100 wood |
| 25:43 | Levi · first_building Barracks |
| 25:57 | Lord Snow · first_building Barracks |
| 26:16 | Levi · first_building Stable |
| 26:38 | insomnia · first_market_sell 100 wood |
| 26:59 | noloomregret · first_building Barracks |
| 27:33 | MarcusBrody · first_building Barracks |
| 27:38 | VIT | Hera · wall_segment Stone Wall x1 |
| 27:39 | VIT | Hera · wall_segment Stone Wall x1 |
| 27:41 | GAX | ERV · age_up imperial |
| 27:46 | VIT | Hera · wall_segment Stone Wall x1 |
| 27:55 | noloomregret · first_building Stable |
| 28:01 | GAX | Thui · first_building Siege Workshop |
| 28:03 | noloomregret · first_building Archery Range |
| 28:09 | VIT | Hera · age_up imperial |
| 28:16 | Lord Snow · first_building Archery Range |
| 28:22 | Levi · age_up imperial |
| 28:40 | GAX | ERV · first_market_buy 100 food |
| 28:41 | MarcusBrody · first_building Stable |
| 29:10 | VIT | Hera · wall_segment Stone Wall x1 |
| 29:23 | noloomregret · age_up imperial |
| 29:31 | noloomregret · first_building Castle |
| 29:51 | GAX | ERV · first_building Siege Workshop |
| 30:01 | MarcusBrody · age_up imperial |
| 31:04 | GAX | ERV · first_building Castle |
| 31:28 | Lord Snow · age_up imperial |
| 31:46 | GAX | ERV · wall_segment Palisade Wall x1 |
| 31:47 | VIT | Hera · wall_segment Stone Wall x1 |
| 32:07 | VIT | Hera · first_building Barracks |
| 32:15 | GAX | ERV · wall_segment Palisade Wall x1 |
| 32:17 | GAX | ERV · wall_segment Palisade Wall x1 |
| 32:24 | noloomregret · first_market_sell 500 food |
| 32:28 | VIT | Hera · wall_segment Stone Wall x1 |
| 32:29 | VIT | Hera · wall_segment Stone Wall x1 |
| 32:30 | VIT | Hera · wall_segment Stone Wall x1 |
| 32:31 | VIT | Hera · wall_segment Stone Wall x1 |
| 32:34 | VIT | Hera · wall_segment Stone Wall x1 |
| 32:58 | GAX | Thui · age_up imperial |
| 33:07 | GAX | Thui · first_market_buy 100 wood |
| 33:09 | insomnia · age_up imperial |
| 33:12 | MarcusBrody · first_building Siege Workshop |
| 34:09 | insomnia · first_building Siege Workshop |
| 34:11 | MarcusBrody · first_market_sell 100 wood |
| 34:14 | VIT | Hera · first_building Siege Workshop |
| 34:29 | Levi · first_building Castle |
| 36:00 | GAX | ERV · first_building Barracks |
| 38:00 | GAX | Thui · first_market_sell 100 food |
| 40:18 | GAX | ERV · resign |
| 40:23 | noloomregret · tribute_sent a jugador 1 |
| 40:23 | noloomregret · tribute_sent a jugador 2 |
| 40:23 | noloomregret · tribute_sent a jugador 3 |
| 40:23 | noloomregret · tribute_sent a jugador 5 |
| 40:23 | noloomregret · tribute_sent a jugador 6 |
| 40:23 | noloomregret · tribute_sent a jugador 7 |
| 40:23 | noloomregret · tribute_sent a jugador 8 |
| 40:39 | Lord Snow · tribute_sent a jugador 1 |
| 40:39 | Lord Snow · tribute_sent a jugador 2 |
| 40:39 | Lord Snow · tribute_sent a jugador 3 |
| 40:39 | Lord Snow · tribute_sent a jugador 4 |
| 40:39 | Lord Snow · tribute_sent a jugador 5 |
| 40:39 | Lord Snow · tribute_sent a jugador 7 |
| 40:39 | Lord Snow · tribute_sent a jugador 8 |
[ AI ANALYSIS · 1 CREDIT ]
What really happened in this match?
Wolo.gg analyzes every decision: build order, eco, micro, common mistakes by bracket. Personalized analysis on WhatsApp or Discord in 30 seconds.
Civ guide
Hindustanis
Perfil
Jugador #3095505